 Dungeon Crawl Stone Soup version 0.27.1-4-g1640c2035a (webtiles) character file.

Game seed: 12426803261374626964

522892 Crownlay the Metallomancer (level 25, -16/168 HPs)
             Began as a Gargoyle Earth Elementalist on Nov 5, 2021.
             Was the Champion of Vehumet.
             Blown up by an eye of devastation (40 damage)
             ... with a bolt of energy
             ... on level 5 of the Pits of Slime on Nov 6, 2021.
             The game lasted 04:11:38 (72781 turns).

Crownlay the Metallomancer (GrEE)                  Turns: 72781, Time: 04:11:40

Health: -16/168    AC: 38    Str: 15    XL:     25   Next: 35%
Magic:  27/73      EV: 12    Int: 25    God:    Vehumet [******]
Gold:   5338       SH:  7    Dex: 10    Spells: 17/63 levels left

rFire    + + +     SeeInvis +   o - +3 Elemental Staff {rElec rF++ rC++ Will++ AC+5}
rCold    + + +     Faith    .   H - +1 buckler "Duahusun" {Regen+ Dex-4 SInv Stlth+}
rNeg     + . .     Spirit   .   y - +2 robe {Will+}
rPois    ∞         Reflect  .   U - +2 helmet {Int+3}
rElec    +         Harm     .   O - +0 cloak of Depression {+Blink rC+ MP+9}
rCorr    +         Rampage  .   B - +2 pair of gloves
Will     ++++.                  I - +0 pair of boots {Stlth+}
Stlth    +++.......             z - amulet "Rayr" {RegenMP Str+4 Int+2 Dex+4}
HPRegen  1.38/turn              w - ring of Ewke {+Blink rF+ rCorr MP+9 Stlth-}
MPRegen  0.68/turn              A - ring "Tusog" {rC+++ rCorr MP+9 Str-2 Int-5}

@: flying, studying 4 skills
A: sickness immunity, AC +19, big wings, negative energy resistance 1,
electricity resistance, torment resistance 1, petrification resistance, dopey 1
}: 3/15 runes: decaying, silver, gossamer
a: Renounce Religion, Evoke Blink


You were on level 5 of the Pits of Slime.
You worshipped Vehumet.
Vehumet was exalted by your worship.
You visited 9 branches of the dungeon, and saw 45 of its levels.
You visited 1 bazaar.
You also visited: Gauntlet, Ice Cave and Desolation.

You collected 9768 gold pieces.
You spent 4430 gold pieces at shops.

Inventory:

Hand Weapons
 o - the +3 Elemental Staff (weapon) {rElec rF++ rC++ Will++ AC+5}
   (You found it on level 3 of the Elven Halls)

   If the wielder is skilled in Evocations, they can discharge powerful blasts
   of elemental energy when striking with it.
   It enhances your fire, ice, earth and air magic.
   AC:        It affects your AC (+5).
   rF:        It greatly protects you from fire.
   rC:        It greatly protects you from cold.
   rElec:     It insulates you from electricity.
   Will:      It greatly increases your willpower.
Armour
 m - a +1 kite shield of reflection
 y - a +2 robe of willpower (worn)
 B - a +2 pair of gloves (worn)
 H - the +1 buckler "Duahusun" (worn) {Regen+ Dex-4 SInv Stlth+}
   (You bought it in a shop on level 2 of the Dungeon)

   Dex:       It affects your dexterity (-4).
   SInv:      It lets you see invisible.
   Regen:     It increases your rate of health regeneration.
   Stlth:     It makes you more stealthy.
 I - a +0 pair of boots of stealth (worn)
 O - the +0 cloak of Depression (worn) {+Blink rC+ MP+9}
   (You bought it in a shop in a bazaar)

   rC:        It protects you from cold.
   MP:        It affects your magic capacity (+9).
   +Blink:    It lets you blink.
 U - a +2 helmet of intelligence (worn)
Jewellery
 w - the ring of Ewke (left hand) {+Blink rF+ rCorr MP+9 Stlth-}
   (You found it in a Gauntlet)

   [ring of resist corrosion]

   rF:        It protects you from fire.
   MP:        It affects your magic capacity (+9).
   +Blink:    It lets you blink.
   rCorr:     It protects you from acid and corrosion.
   Stlth:     It makes you less stealthy.
 z - the amulet "Rayr" (around neck) {RegenMP Str+4 Int+2 Dex+4}
   (You bought it in a shop on level 2 of the Elven Halls)

   [amulet of magic regeneration]

   It increases your rate of magic regeneration.
   Str:       It affects your strength (+4).
   Int:       It affects your intelligence (+2).
   Dex:       It affects your dexterity (+4).
 A - the ring "Tusog" (right hand) {rC+++ rCorr MP+9 Str-2 Int-5}
   (You found it in the Desolation of Salt)

   [ring of magical power]

   Str:       It affects your strength (-2).
   Int:       It affects your intelligence (-5).
   rC:        It renders you almost immune to cold.
   MP:        It affects your magic capacity (+9).
   rCorr:     It protects you from acid and corrosion.
Wands
 c - a wand of digging (19)
 g - a wand of mindburst (18)
 j - a wand of iceblast (40)
 k - a wand of acid (13)
 u - a wand of paralysis (11)
 v - a wand of flame (119)
 x - a wand of polymorph (70)
 D - a wand of charming (15)
Scrolls
 a - 27 scrolls of teleportation
 b - 16 scrolls of identify
 f - 4 scrolls of vulnerability
 h - 5 scrolls of immolation
 G - 6 scrolls of fog
 J - 2 scrolls of summoning
 L - 6 scrolls of noise
 P - 5 scrolls of torment
 Q - 5 scrolls of fear
 S - 5 scrolls of magic mapping
 W - 4 scrolls of holy word
 Z - 5 scrolls of amnesia
Potions
 d - a potion of might
 e - 5 potions of brilliance
 n - 11 potions of heal wounds
 q - 15 potions of curing
 r - 2 potions of cancellation
 s - a potion of magic
 E - 4 potions of invisibility
 F - 6 potions of lignification
 K - 6 potions of mutation
 M - 16 potions of ambrosia
 N - 7 potions of resistance
 R - a potion of berserk rage
 V - 10 potions of attraction
 Y - 5 potions of haste
Miscellaneous
 l - a phantom mirror
 t - a tin of tremorstones (2/2)
 T - a phial of floods


   Skills:
 + Level 19.7 Fighting
 - Level 7.9 Armour
 - Level 2.8 Dodging
 - Level 2.1 Stealth
 + Level 10.8 Shields
 + Level 19.6 Spellcasting
 - Level 14.0 Conjurations
 - Level 9.0 Summonings
 - Level 0.7 Transmutations
 + Level 25.8 Earth Magic
 - Level 13.0 Evocations


You had 17 spell levels left.
You knew the following spells:

 Your Spells              Type           Power      Damage    Failure   Level
a - Sandblast             Erth           100%       2d20      0%          1
b - Stone Arrow           Conj/Erth      100%       3d13      0%          3
c - Lee's Rapid Deconstr  Erth           62%        3d29*     0%          5
d - Iron Shot             Conj/Erth      55%        9d10      1%          6
e - Lehudib's Crystal Sp  Conj/Erth      55%        10d13     1%          8
f - Spellforged Servitor  Conj/Summ      35%        N/A       4%          7
g - Orb of Destruction    Conj           38%        9d13      1%          7
h - Shatter               Erth           62%        3d46*     1%          9

Your spell library contained the following spells:

 Spells                   Type           Power      Damage    Failure   Level
 Maxwell's Capacitive Co  Air            18%        ∞         100%        8
 Chain Lightning          Conj/Air       36%        3d48      100%        9
 Polar Vortex             Ice            18%        N/A       100%        9
 Magic Dart               Conj           100%       1d8       0%          1
 Passwall                 Tmut/Erth      78%        N/A       0%          2
 Searing Ray              Conj           100%       3d7       0%          2
 Animate Armour           Summ/Erth      100%       N/A       0%          4
 Animate Skeleton         Necr           48%        N/A       1%          1
 Apportation              Tloc           48%        N/A       1%          1
 Beastly Appendage        Tmut           56%        N/A       1%          1
 Corona                   Hex            26%        N/A       1%          1
 Foxfire                  Conj/Fire      100%       2x1d9     1%          1
 Pain                     Necr           96%        1d8       1%          1
 Summon Small Mammal      Summ           100%       N/A       1%          1
 Call Imp                 Summ           63%        N/A       1%          2
 Static Discharge         Conj/Air       73%        N/A       1%          2
 Wereblood                Tmut           28%        N/A       1%          2
 Dazzling Flash           Conj/Hex       100%       N/A       1%          3
 Frozen Ramparts          Ice            72%        1d9       1%          3
 Ignite Poison            Fire/Tmut/Pois 38%        N/A       1%          3
 Mephitic Cloud           Conj/Pois/Air  64%        N/A       1%          3
 Summon Guardian Golem    Hex/Summ       47%        N/A       1%          3
 Fulminant Prism          Conj/Hex       28%        3d14      1%          4
 Hailstorm                Conj/Ice       73%        3d15      1%          4
 Iskenderun's Mystic Bla  Conj/Tloc      56%        2d12      1%          4
 Leda's Liquefaction      Hex/Erth       46%        N/A       1%          4
 Petrify                  Tmut/Erth      94%        N/A       1%          4
 Sticky Flame             Conj/Fire      73%        2d9       1%          4
 Bolt of Magma            Conj/Fire/Erth 58%        4d23      1%          5
 Borgnjor's Vile Clutch   Necr/Erth      46%        N/A       1%          5
 Fireball                 Conj/Fire      36%        3d15      1%          5
 Irradiate                Conj/Tmut      28%        3d23      1%          5
 Iskenderun's Battlesphe  Conj           76%        2d12      1%          5
 Lightning Bolt           Conj/Air       36%        1d54      1%          5
 Blink                    Tloc           N/A        N/A       2%          2
 Corpse Rot               Necr/Air       N/A        N/A       2%          2
 Slow                     Hex            24%        N/A       2%          2
 Summon Lightning Spire   Summ/Air       63%        N/A       2%          4
 Spider Form              Tmut/Pois      13%        N/A       4%          3
 Conjure Ball Lightning   Conj/Air       36%        3x3d12    4%          6
 Starburst                Conj/Fire      36%        6d11      4%          6
 Confusing Touch          Hex            24%        N/A       5%          3
 Ozocubu's Armour         Ice            36%        N/A       5%          3
 Portal Projectile        Hex/Tloc       48%        N/A       5%          3
 Swiftness                Air            36%        N/A       5%          3
 Tukima's Dance           Hex            24%        N/A       5%          3
 Vampiric Draining        Necr           12%        2d7       5%          3
 Airstrike                Air            18%        N/A       5%          4
 Summon Forest            Summ/Tloc      23%        N/A       8%          5
 Yara's Violent Unravell  Hex/Tmut       13%        3d7       12%         5
 Dispel Undead            Necr           24%        3d12      19%         4
 Passage of Golubria      Tloc           N/A        N/A       19%         4
 Blade Hands              Tmut           14%        N/A       36%         5
 Summon Hydra             Summ           31%        N/A       36%         7
 Alistair's Intoxication  Tmut/Pois      17%        N/A       41%         5
 Excruciating Wounds      Necr           12%        N/A       45%         5
 Manifold Assault         Tloc           24%        N/A       45%         5
 Metabolic Englaciation   Hex/Ice        18%        N/A       45%         5
 Eringya's Noxious Bog    Tmut/Pois      13%        N/A       50%         6
 Invisibility             Hex            12%        N/A       96%         6
 Simulacrum               Ice/Necr       18%        N/A       96%         6
 Summon Horrible Things   Summ           31%        N/A       96%         8
 Dragon Form              Tmut           14%        N/A       100%        7
 Storm Form               Tmut/Air       19%        N/A       100%        7
 Fire Storm               Conj/Fire      36%        8d9       100%        9
 Statue Form              Tmut/Erth      Unusable   N/A       N/A         6

Dungeon Overview and Level Annotations

Branches:
Dungeon (15/15)            Temple (1/1) D:7            Lair (6/6) D:8
  Swamp (4/4) Lair:2       Spider (4/4) Lair:3        Slime (5/5) Lair:5
    Orc (2/2) D:10            Elf (3/3) Orc:2        Vaults (5/5) D:14
  Crypt (0/3) Vaults:2     Depths (0/5) D:15          IceCv (visited)
Desolation (visited)      Gauntlet (visited)

Altars:
Elyvilon
Gozag
Hepliaklqana
Kikubaaqudgha
Trog
Vehumet
Wu Jian
Xom
Yredelemnul
Zin
Beogh
Jiyva
Lugonu

Shops:
D:2 ([   D:10 =   D:12 *   Orc:2 *[*(   Elf:2 =*?

Portals:
Abyss: Lair:6
Trove: Elf:2 (give +5 demon blade)


Innate Abilities, Weirdness & Mutations

You are immune to sickness and miasma.
Your stone body is resilient. (AC +19)
You are immune to poison.
Your large and strong wings let you fly.
You resist negative energy. (rN+)
You are resistant to electric shocks. (rElec)
You are resistant to unholy torment.
You are immune to petrification.
You are dopey. (Int -2)


Message History

Press: ? - help, v - describe, . - travel
Here: an acid blob (moderately wounded)
The floor.
You feel much better.
You hit the acid blob.
Your hands burn!
The acid blob is moderately wounded.
The acid blob hits you!!
* * * LOW HITPOINT WARNING * * *
You are splashed with acid.
You resist.
* * * LOW HITPOINT WARNING * * *
The acid blob spits acid at you.
The splash of acid hits you but does no damage.
You are splashed with acid.
You resist.
* * * LOW HITPOINT WARNING * * *
Magic courses through your body.
An acid blob comes into view. x2
The eye of devastation gazes at you.
The bolt of energy hits you but does no damage.
The acid blob hits you but does no damage.
Casting: Stone Arrow (safe; 0% risk of failure)
Confirm with . or Enter, or press ? or * to list all spells.
Okay, then.
Okay, then.
Blink to where?
Press: ? - help, Dir - move target 4 slime creatures come into view.
As you read the scroll of blinking, it crumbles to dust.
The slime creature quivers.
The acid blob spits acid at you.
The splash of acid hits you but does no damage.
You are splashed with acid!
You resist.
* * * LOW HITPOINT WARNING * * *
An acid blob comes into view.
The acid blob spits acid at you.
The splash of acid hits you but does no damage.
You are splashed with acid!
You resist.
* * * LOW HITPOINT WARNING * * *
The eye of devastation gazes at you. The bolt of energy hits you!!!
You die...

...J.............
.....J...........
...J.J...........
.................
.................
.................
..J#.J...J............
..#.....G....@........
.#...................#
.....................
#...................
#.#...................
#.......J............
#...................
......................
###.....##.....


You could see 2 acid blobs, 4 slime creatures and an eye of devastation.

Vanquished Creatures
  the Royal Jelly (Slime:5)
  A dread lich (Vaults:5)
  An ancient lich (Vaults:3)
  Nikola (Vaults:2)
  2 golden dragons (Vaults:5)
  2 tentacled monstrosities (Vaults:5)
  2 liches
  2 deep elf master archers (Elf:3)
  3 deep elf blademasters
  Frances (Elf:1)
  4 titans (Vaults:5)
  20 acid blobs
  4 sphinxes
  2 shadow dragons (Vaults:5)
  2 fenstrider witches
  A storm dragon (Vaults:5)
  Donald (Elf:1)
  15 azure jellies
  An azure jelly (shapeshifter) (Vaults:5)
  10 rockslimes
  6 tengu reavers (Vaults:5)
  3 ghost moths (Spider:4)
  4 frost giants (Vaults:5)
  2 fire giants (Vaults:5)
  3 deep elf sorcerers
  3 emperor scorpions
  3 ghouls (Swamp:4)
  20 vault wardens
  15 ironbound preservers
  An imperial myrmidon (Desolation)
  17 quicksilver oozes
  3 war gargoyles
  4 deep elf elementalists (Elf:3)
  8 stone giants
  8 very ugly things
  13 deep elf annihilators
  4 deep elf demonologists (Elf:3)
  A minotaur (Gauntlet)
  A bunyip (Swamp:3)
  7 entropy weavers
  7 dire elephants
  A halazid warlock (Desolation)
  5 deep elf death magi (Elf:3)
  5 eleionomae
  2 ettins (Vaults:5)
  A shambling mangrove (Lair:2)
  13 yaktaur captains
  5 crystal guardians
  5 deep elf high priests
  8 ragged hierophants (Desolation)
  4 boulder beetles
  10 ironbound thunderhulks
  An ice dragon (Elf:2)
  6 great orbs of eyes
  16 hydras
  2 caustic shrike simulacra (IceCv)
  5 servants of whispers (Desolation)
  8 peacekeepers
  41 vault guards
  9 ironbound frosthearts
  4 ogre magi (Vaults:5)
  4 alligators
  10 centaur warriors
  21 dancing weapons
  7 two-headed ogres
  5 ironbound beastmasters
  11 death yaks (Lair:6)
  4 thrashing horrors (Lair:6)
  2 death knights (Vaults:2)
  A fire crab (shapeshifter) (Elf:3)
  20 deep elf knights
  6 skeletal warriors
  A swamp dragon (shapeshifter) (D:12)
  2 spriggan druids
  10 deep elf archers
  3 swamp dragons (Swamp:4)
  A deep troll (shapeshifter) (Lair:6)
  2 glowing orange brains
  5 bog bodies
  16 wizards
  18 ironbound convokers
  An obsidian statue (IceCv)
  30 deep trolls
  3 lindwurms
  2 large abominations (Lair:6)
  2 shining eyes
  2 necromancers
  30 deep elf zephyrmancers
  A harpy (Vaults:2)
  4 phantasmal warriors
  An orb spider (shapeshifter) (Lair:6)
  11 orb spiders
  25 deep elf pyromancers
  A cyclops (shapeshifter) (Vaults:5)
  2 orc sorcerers
  16 wolf spiders
  24 ugly things
  12 orc knights
  3 cyclopes (D:15)
  A manticore (D:7)
  96 slime creatures
  4 oklob plants (Lair:6)
  A will-o-the-wisp (Swamp:2)
  16 elephants
  3 guardian serpents (Desolation)
  21 vault sentinels
  2 black mambas
  2 smoke demons (Lair:6)
  A naga mage (D:15)
  A guardian serpent (shapeshifter) (Vaults:5)
  12 cane toads
  4 gargoyles
  A torpor snail (shapeshifter) (Vaults:5)
  2 kobold demonologists
  3 eyes of devastation
  2 cane toads (shapeshifter)
  3 unseen horrors (D:12)
  Maggie (D:7)
  2 rime drakes
  Psyche (D:12)
  11 komodo dragons
  14 freezing wraiths (IceCv)
  An efreet (D:14)
  5 demonic crawlers
  4 tengu conjurers
  14 yaktaurs
  5 anaconda simulacra (IceCv)
  2 ice devils (IceCv)
  A jumping spider (shapeshifter) (D:14)
  An ancient zyme (Lair:6)
  8 trolls
  A queen bee (Lair:1)
  3 bloated husks
  3 polar bears
  18 jumping spiders
  36 blink frogs
  23 saltlings (Desolation)
  7 hornets
  5 tyrant leeches
  Sigmund (D:5)
  61 redbacks
  5 spriggans
  A wraith (Vaults:2)
  4 ynoxinuls (Lair:6)
  6 water elementals
  65 yaks
  3 shadows
  2 air elementals
  24 tarantellas
  3 wyverns
  A steam dragon (D:8)
  6 basilisks
  5 dire elephant simulacra (IceCv)
  6 golden eyes
  A fire elemental (Elf:2)
  5 vampire mosquitoes
  Menkaure (D:5)
  7 wargs
  A harpy simulacrum (IceCv)
  10 swamp worms
  26 water moccasins
  Duvessa (D:5)
  A floating eye (Slime:3)
  A hydra simulacrum (IceCv)
  2 nameless horrors
  5 swamp drakes
  41 orc warriors
  A black bear (shapeshifter) (Lair:6)
  2 ice beasts
  2 sky beasts (D:5)
  3 black bears
  3 alligator simulacra (IceCv)
  4 ettin simulacra (IceCv)
  10 wolves
  8 centaurs
  An ogre (Orc:1)
  9 boggarts
  A centaur (shapeshifter) (Vaults:5)
  2 kobold brigands
  An earth elemental (Elf:2)
  14 bullfrogs
  6 gnoll sergeants
  3 scorpions
  Dowan (D:5)
  A wyvern zombie (D:6)
  2 wyvern skeletons
  29 killer bees
  A lindwurm simulacrum (IceCv)
  18 wights
  7 howler monkeys
  5 electric eels
  4 centaur zombies
  2 bullfrog zombies
  2 gnoll shamans
  11 orc priests
  5 hounds (D:9)
  3 jellies
  4 centaur skeletons
  4 bullfrog skeletons
  Ijyb (D:5)
  6 iguanas
  19 orc wizards
  4 hell rats (Lair:6)
  A scorpion zombie (D:4)
  8 small abominations (Lair:6)
  2 hound skeletons (D:5)
  Robin (D:4)
  A howler monkey zombie (D:8)
  34 gnolls
  5 adders
  2 shadow imps
  2 white imps
  An ufetubus (D:6)
  6 adder zombies (D:4)
  A worm (D:3)
  2 dart slugs
  91 orcs
  5 ball pythons
  8 bats
  5 giant cockroaches
  5 hobgoblins
  5 jackals
  4 quokkas
  A frilled lizard (D:1)
  15 goblins
  10 kobolds
  16 rats
  A pillar of salt (Desolation)
1746 creatures vanquished.

Vanquished Creatures (collateral kills)
  Mara (Swamp:4)
  the Lernaean hydra (Swamp:4)
  2 sphinxes (Vaults:4)
  A tengu reaver (Vaults:2)
  A shadow dragon (Vaults:4)
  2 vault wardens
  An orc warlord (Vaults:1)
  A deep elf elementalist (Elf:3)
  An emperor scorpion (Spider:4)
  7 ironbound preservers
  A ghoul (Swamp:4)
  5 very ugly things
  An entropy weaver (Spider:3)
  A bunyip (Swamp:3)
  A spark wasp (Spider:4)
  2 eleionomae
  A dire elephant (Vaults:1)
  An ettin (Vaults:2)
  A crystal guardian (Desolation)
  2 yaktaur captains (Vaults:3)
  4 great orbs of eyes
  3 ragged hierophants (Desolation)
  5 boulder beetles
  2 vault guards
  3 peacekeepers
  7 hydras
  2 ironbound thunderhulks
  A ghost crab (Swamp:4)
  2 ironbound frosthearts (Vaults:2)
  3 two-headed ogres (D:12)
  5 centaur warriors
  A catoblepas (D:13)
  4 alligators
  11 dancing weapons
  2 ironbound beastmasters
  3 spriggans
  A deep elf knight (Elf:2)
  A skeletal warrior (D:12)
  A glowing orange brain (Slime:5)
  2 goliath frogs (Swamp:3)
  7 deep trolls
  8 swamp dragons
  2 bog bodies (Swamp:4)
  A deep elf archer (Elf:2)
  2 wizards (Vaults:1)
  A lindwurm (Vaults:2)
  4 ironbound convokers
  2 deep elf zephyrmancers
  11 orb spiders
  6 deep elf pyromancers
  17 wolf spiders
  2 manticores (D:15)
  9 ugly things
  4 will-o-the-wisps
  2 moths of wrath
  6 vault sentinels
  2 cyclopes (D:12)
  An elephant (Gauntlet)
  2 guardian serpents (Desolation)
  A molten gargoyle (Desolation)
  An eye of devastation (Slime:2)
  A kobold demonologist (D:12)
  2 yaktaurs (Vaults:1)
  8 demonic crawlers
  2 freezing wraiths (IceCv)
  A troll (D:12)
  2 ice devils (IceCv)
  15 jumping spiders
  A wind drake (shapeshifter) (Vaults:3)
  A bloated husk (Swamp:4)
  4 tyrant leeches
  5 hornets
  29 saltlings
  11 slime creatures
  A spriggan simulacrum (IceCv)
  A vampire (D:12)
  A centaur simulacrum (D:15)
  31 redbacks
  8 tarantellas
  An air elemental (Elf:1)
  A dire elephant simulacrum (IceCv)
  A yak (D:12)
  A fire elemental (Elf:1)
  5 vampire mosquitoes
  5 swamp worms
  An acid dragon (shapeshifter) (D:15)
  An acid dragon (D:12)
  A floating eye (Slime:2)
  4 swamp drakes (Swamp:4)
  A necrophage (Swamp:4)
  4 centaurs
  A deep troll simulacrum (IceCv)
  A lindwurm simulacrum (IceCv)
  2 jellies (Gauntlet)
  2 shadow imps (Gauntlet)
  A white imp (Gauntlet)
345 creatures vanquished.

Vanquished Creatures (others)
  A bog body (IceCv)
  A tyrant leech (Swamp:4)
  A bloated husk (Swamp:1)
  6 foxfires
  40 fungi
  A pillar of salt (Desolation)
  57 plants
  4 withered plants
111 creatures vanquished.

Grand Total: 2202 creatures vanquished

Notes
Turn   | Place    | Note
-------+----------+-------------------------------------------
     0 | D:1      | Crownlay the Gargoyle Earth Elementalist began the quest
                  | for the Orb.
     0 | D:1      | Reached XP level 1. HP: 10/10 MP: 3/3
   282 | D:1      | Reached XP level 2. HP: 15/15 MP: 5/5
   535 | D:1      | Reached skill level 4 in Earth Magic
   825 | D:1      | Reached XP level 3. HP: 8/19 MP: 7/7
  1310 | D:2      | Found Enwamn's Weapon Shoppe.
  1352 | D:2      | Found Ydechibb's Armour Boutique.
  1608 | D:2      | Learned a level 3 spell: Stone Arrow
  1753 | D:2      | Reached XP level 4. HP: 24/24 MP: 6/9
  3043 | D:3      | Found a faded altar of an unknown god.
  3442 | D:4      | Reached XP level 5. HP: 25/28 MP: 5/10
  3548 | D:4      | Noticed Robin
  3574 | D:4      | Killed Robin
  3588 | D:4      | Reached skill level 5 in Earth Magic
  3810 | D:4      | Reached XP level 6. HP: 32/32 MP: 9/12
  3952 | D:4      | Identified the +0 hat of the Frog {Str+4}
  4255 | D:4      | Found a transporter.
  4580 | D:4      | Found a transporter.
  4831 | D:4      | Identified the +3 short sword of Valiance {vorpal, Str+3}
  4862 | D:4      | Reached skill level 1 in Fighting
  4862 | D:4      | Reached skill level 5 in Spellcasting
  4862 | D:4      | Reached XP level 7. HP: 33/38 MP: 14/14
  4973 | D:5      | Entered Level 5 of the Dungeon
  4976 | D:5      | Noticed Menkaure
  4983 | D:5      | Killed Menkaure
  4984 | D:5      | Reached skill level 6 in Earth Magic
  5652 | D:5      | Reached XP level 8. HP: 48/48 MP: 15/15
  5849 | D:5      | Noticed Ijyb
  5854 | D:5      | Killed Ijyb
  5902 | D:5      | Reached skill level 5 in Fighting
  5902 | D:5      | Reached skill level 7 in Earth Magic
  6120 | D:5      | Noticed Sigmund
  6143 | D:5      | Killed Sigmund
  6144 | D:5      | Reached skill level 8 in Earth Magic
  6589 | D:5      | Reached skill level 9 in Earth Magic
  6724 | D:5      | Noticed Duvessa
  6724 | D:5      | Noticed Dowan
  6728 | D:5      | Killed Duvessa
  6731 | D:5      | Killed Dowan
  7074 | D:6      | Reached skill level 1 in Conjurations
  7104 | D:6      | Reached skill level 10 in Earth Magic
  7104 | D:6      | Reached XP level 9. HP: 54/54 MP: 2/16
  7922 | D:7      | Found a staircase to the Ecumenical Temple.
  8100 | D:7      | Noticed Maggie
  8106 | D:7      | Killed Maggie
  8358 | Temple   | Entered the Ecumenical Temple
  8489 | Temple   | Became a worshipper of Vehumet
  8960 | D:7      | Reached skill level 5 in Conjurations
  9049 | D:7      | Learned a level 5 spell: Lee's Rapid Deconstruction
  9114 | D:7      | Reached XP level 10. HP: 59/59 MP: 15/22
  9376 | D:7      | Noticed a manticore
  9380 | D:7      | Killed a manticore
  9382 | D:7      | Reached * piety under Vehumet
  9382 | D:7      | Offered knowledge of Shock by Vehumet.
  9758 | D:8      | Reached skill level 11 in Earth Magic
  9779 | D:8      | Noticed a two-headed ogre
 10031 | D:8      | Killed a two-headed ogre
 10032 | D:8      | Reached skill level 10 in Spellcasting
 10121 | D:8      | Reached skill level 12 in Earth Magic
 10163 | D:8      | Offered knowledge of Static Discharge by Vehumet.
 10170 | D:8      | Reached ** piety under Vehumet
 10176 | D:8      | Reached XP level 11. HP: 58/63 MP: 21/25
 10626 | D:8      | Found a staircase to the Lair.
 10910 | D:8      | Reached skill level 13 in Earth Magic
 11155 | D:8      | Found a glowing silver altar of Zin.
 11406 | D:9      | Offered knowledge of Mephitic Cloud by Vehumet.
 11729 | D:9      | Reached *** piety under Vehumet
 12059 | D:9      | Offered knowledge of Frozen Ramparts by Vehumet.
 12443 | D:9      | Identified the +6 long sword of Sunlight {flame, rCorr}
 12561 | D:9      | Reached skill level 14 in Earth Magic
 12690 | D:9      | Reached **** piety under Vehumet
 13199 | D:10     | Entered Level 10 of the Dungeon
 13449 | D:10     | Noticed a two-headed ogre
 13646 | D:10     | Found Puraruuh's Jewellery Shoppe.
 13660 | D:10     | Killed a two-headed ogre
 13719 | D:10     | Reached XP level 12. HP: 68/68 MP: 21/27
 13905 | D:10     | Found a staircase to the Orcish Mines.
 13908 | D:10     | Reached skill level 15 in Earth Magic
 14052 | D:10     | Offered knowledge of Irradiate by Vehumet.
 14393 | Lair:1   | Entered Level 1 of the Lair of Beasts
 14588 | D:2      | Bought the +1 buckler "Duahusun" {Regen+ Dex-4 SInv Stlth+}
                  | for 211 gold pieces
 14885 | Lair:1   | Reached skill level 1 in Shields
 16870 | Lair:2   | Reached XP level 13. HP: 72/78 MP: 24/29
 16965 | Lair:2   | Reached ***** piety under Vehumet
 16965 | Lair:2   | Offered knowledge of Iron Shot by Vehumet.
 17078 | Lair:2   | Learned a level 6 spell: Iron Shot
 17626 | Lair:2   | Found a staircase to the Swamp.
 17633 | Lair:2   | Reached skill level 10 in Conjurations
 17669 | Lair:2   | Reached skill level 1 in Evocations
 19664 | Lair:3   | Found a hole to the Spider Nest.
 20664 | Lair:4   | You fall into a shaft and drop 1 floor!
 20677 | Lair:5   | Reached skill level 5 in Evocations
 20860 | Lair:5   | Found a viscous altar of Jiyva.
 20868 | Lair:5   | Found a staircase to the Slime Pits.
 21658 | Lair:5   | Gained mutation: Your large and strong wings let you fly.
                  | [Gargoyle growth]
 21658 | Lair:5   | Reached XP level 14. HP: 86/86 MP: 11/30
 21858 | Lair:5   | Learned a level 5 spell: Bolt of Magma
 22274 | Lair:6   | Entered Level 6 of the Lair of Beasts
 22947 | Lair:6   | Reached skill level 10 in Fighting
 23087 | Lair:6   | Offered knowledge of Olgreb's Toxic Radiance by Vehumet.
 24606 | Lair:6   | Reached skill level 10 in Evocations
 25329 | Lair:6   | Reached XP level 15. HP: 92/92 MP: 14/32
 25491 | Lair:6   | Found a corrupted altar of Lugonu.
 25491 | Lair:6   | Found a one-way gate to the infinite horrors of the Abyss.
 26019 | Lair:6   | Identified the +4 leather armour "Moesex" {Str-3 Dex+2
                  | Stlth+}
 26391 | Orc:1    | Entered Level 1 of the Orcish Mines
 26744 | Orc:2    | Entered Level 2 of the Orcish Mines
 28015 | Orc:2    | Found Tir Jarph's Weapon Shoppe.
 28015 | Orc:2    | Found Cystio's General Store.
 28164 | Orc:2    | Bought 3 scrolls of magic mapping for 157 gold pieces
 28164 | Orc:2    | Bought a potion of haste for 150 gold pieces
 28164 | Orc:2    | Bought a scroll of identify for 30 gold pieces
 28276 | Orc:2    | Offered knowledge of Ozocubu's Refrigeration by Vehumet.
 29237 | Orc:2    | Found Hofum's Armour Shoppe.
 29237 | Orc:2    | Found Gidoe's Assorted Antiques.
 29247 | Orc:2    | Bought 3 scrolls labelled KUCANUWKITH for 114 gold pieces
 29247 | Orc:2    | Bought a scroll of identify for 76 gold pieces
 29247 | Orc:2    | Identified 4 scrolls of acquirement
 29261 | Orc:2    | Found a staircase to the Elven Halls.
 29441 | Orc:2    | Acquired the Almanac of the Entourage and Poisoning
 29453 | Orc:2    | Learned a level 7 spell: Spellforged Servitor
 29453 | Orc:2    | Acquired a +2 helmet of intelligence
 29466 | Orc:2    | Acquired the amulet of the Villain {Spirit *Slow rF++}
 29467 | Orc:2    | Acquired 880 gold pieces
 30713 | D:11     | Reached skill level 1 in Summonings
 31912 | D:12     | Found Haotal's Assorted Antiques.
 32056 | D:12     | Reached ****** piety under Vehumet
 32176 | D:12     | Reached skill level 5 in Summonings
 32257 | D:12     | Bought a warped glass ring for 90 gold pieces
 32257 | D:12     | Identified the ring of Birdsong {Fly Dex+5 Slay+3} (You
                  | bought it in a shop on level 12 of the Dungeon)
 32477 | D:12     | Identified the +1 ring mail of the Other Side {Harm rC-
                  | rN+++ Dex+2}
 32643 | D:12     | Offered knowledge of Orb of Destruction by Vehumet.
 33044 | D:12     | Reached XP level 16. HP: 97/97 MP: 17/34
 33145 | D:12     | Noticed Psyche
 33167 | D:12     | Killed Psyche
 33341 | D:12     | Identified the +2 short sword of Disgust {flame, rF- rCorr
                  | Str+2 Dex+4}
 33588 | D:12     | Found the +3 giant club "Skullcrusher" {speed, Str+7}
 34207 | D:13     | Learned a level 7 spell: Orb of Destruction
 34631 | D:14     | Learned a level 6 spell: Starburst
 35541 | D:14     | Got the Almanac of the Destructive Arsonist
 35961 | D:14     | Found a gate to the Vaults.
 36028 | D:15     | Entered Level 15 of the Dungeon
 36098 | D:15     | Found a gate leading to a gauntlet.
 36108 | Gauntlet | Entered a Gauntlet
 36108 | Gauntlet | Found a transporter.
 36108 | Gauntlet | Found a transporter.
 36183 | Gauntlet | Found a transporter.
 36201 | Gauntlet | Found a transporter.
 36201 | Gauntlet | Found a transporter.
 36204 | Gauntlet | Found a transporter.
 36204 | Gauntlet | Found a transporter.
 36204 | Gauntlet | Found a transporter.
 36216 | Gauntlet | Found a transporter.
 36234 | Gauntlet | Found a transporter.
 36244 | Gauntlet | Found a transporter.
 36259 | Gauntlet | Found a transporter.
 36280 | Gauntlet | Found a transporter.
 36281 | Gauntlet | Found the +9 sword of Zonguldrok {reap}
 36287 | Gauntlet | Found a runed translucent door.
 36289 | Gauntlet | Found a runed translucent door.
 36293 | Gauntlet | Found a transporter.
 37118 | Gauntlet | Identified the ring of Ewke {+Blink rF+ rCorr MP+9 Stlth-}
 37284 | Gauntlet | Identified the +7 short sword of Summertime {drain, +Blink
                  | rF- Dex+4}
 37484 | D:15     | Acquired 1056 gold pieces
 37732 | D:15     | Reached skill level 16 in Earth Magic
 38340 | D:15     | Found a staircase to the Depths.
 38856 | D:14     | Identified the +5 whip "Rifebae" {speed, rF+}
 39008 | Swamp:1  | Entered Level 1 of the Swamp
 40207 | Swamp:1  | Offered knowledge of Fireball by Vehumet.
 40849 | Swamp:2  | Learned a level 8 spell: Lehudib's Crystal Spear
 41667 | Swamp:2  | Noticed a fenstrider witch
 41671 | Swamp:2  | Killed a fenstrider witch
 41672 | Swamp:2  | Reached skill level 15 in Spellcasting
 41836 | Swamp:3  | Reached XP level 17. HP: 102/102 MP: 36/36
 42316 | Swamp:3  | Got the Disquisition on Feathery Clay
 42328 | Swamp:3  | Learned a level 9 spell: Shatter
 42931 | Swamp:4  | Entered Level 4 of the Swamp
 43196 | Swamp:4  | Noticed Mara
 43200 | Swamp:4  | Killed Mara
 44007 | Swamp:4  | Offered knowledge of Conjure Ball Lightning by Vehumet.
 44161 | Swamp:4  | Noticed the 27-headed Lernaean hydra
 44165 | Swamp:4  | Killed the 27-headed Lernaean hydra
 44369 | Swamp:4  | Got a decaying rune of Zot
 44709 | Swamp:4  | Reached skill level 17 in Earth Magic
 45122 | Spider:1 | Entered Level 1 of the Spider Nest
 46153 | Spider:2 | Identified the +9 trident of Attainder {speed, Fly rN+}
 46745 | Spider:3 | Reached XP level 18. HP: 111/113 MP: 37/37
 47414 | Spider:3 | Reached skill level 18 in Earth Magic
 47464 | Spider:3 | Offered knowledge of Ignition by Vehumet.
 48428 | Spider:4 | Entered Level 4 of the Spider Nest
 49462 | Spider:4 | Reached skill level 19 in Earth Magic
 50241 | Spider:4 | Got a gossamer rune of Zot
 50918 | Vaults:1 | Entered Level 1 of the Vaults
 51092 | Vaults:1 | Reached skill level 20 in Earth Magic
 51251 | Vaults:1 | Reached XP level 19. HP: 74/121 MP: 29/38
 51408 | Vaults:1 | Found a flickering gateway to a bazaar.
 51417 | Bazaar   | Entered a bazaar
 51422 | Bazaar   | Found Lyng's Antique Armour Shop.
 51430 | Bazaar   | Bought a glimmering cloak for 304 gold pieces
 51430 | Bazaar   | Identified the +0 cloak of Depression {+Blink rC+ MP+9}
                  | (You bought it in a shop in a bazaar)
 51501 | Bazaar   | Found Cenn's Book Shop.
 51547 | Bazaar   | Bought a runed robe for 118 gold pieces
 51981 | Vaults:1 | Offered knowledge of Chain Lightning by Vehumet.
 51981 | Vaults:1 | Offered knowledge of Polar Vortex by Vehumet.
 51981 | Vaults:1 | Offered knowledge of Maxwell's Capacitive Coupling by
                  | Vehumet.
 51983 | Vaults:1 | Reached skill level 15 in Fighting
 53850 | Vaults:2 | Found a crumbling gateway.
 53859 | Vaults:2 | Noticed Nikola
 53861 | Vaults:2 | Killed Nikola
 53870 | Desolati | Entered the Desolation of Salt
 54160 | Desolati | Reached XP level 20. HP: 127/131 MP: 30/40
 54182 | Desolati | Reached skill level 21 in Earth Magic
 54670 | Desolati | Identified the +11 war axe "Ofoowk" {vorpal, Str+3}
 54681 | Desolati | Identified the ring of Tudafoti {Fly Str+5}
 54924 | Desolati | Got Roxanne's Handbook of the Mountains and Transformation
 54925 | Desolati | Identified the ring "Tusog" {rC+++ rCorr MP+9 Str-2 Int-5}
 54967 | Desolati | Reached skill level 22 in Earth Magic
 55145 | Desolati | Got Sif Muna's Grimoire of Supportive Flight
 55170 | Desolati | Identified the ring "Igheseu" {rElec EV+4 Dex+6}
 55177 | Desolati | Identified the +2 hunting sling of the Eggplant {flame, Fly
                  | rC+ Str-2 Int+3}
 55577 | Vaults:2 | Reached skill level 1 in Armour
 56014 | Vaults:2 | Found a staircase to the Crypt.
 57412 | Vaults:3 | Noticed an ancient lich
 57417 | Vaults:3 | Killed an ancient lich
 57566 | Vaults:3 | Reached skill level 5 in Armour
 57664 | Vaults:3 | Reached XP level 21. HP: 137/137 MP: 41/41
 57990 | Vaults:3 | You are sucked into a shaft and drop 1 floor!
 59713 | Vaults:3 | Reached skill level 23 in Earth Magic
 60208 | Vaults:3 | You are sucked into a shaft and drop 1 floor!
 60652 | Vaults:5 | Entered Level 5 of the Vaults
 60653 | Vaults:5 | Noticed a golden dragon
 60656 | Vaults:5 | Reached XP level 22. HP: 145/145 MP: 43/43
 60657 | Vaults:5 | Noticed a dread lich
 60660 | Vaults:5 | Killed a golden dragon
 60661 | Vaults:5 | Killed a dread lich
 60671 | Vaults:5 | Paralysed by a sphinx for 2 turns
 60673 | Vaults:5 | Noticed a golden dragon
 60973 | Vaults:5 | Killed a golden dragon
 60980 | Vaults:5 | Reached skill level 24 in Earth Magic
 61361 | Vaults:5 | Reached XP level 23. HP: 138/152 MP: 45/45
 62278 | Vaults:5 | Got a silver rune of Zot
 62319 | Vaults:5 | Identified the +6 rapier of the Chain {pain, rElec rC+++
                  | Dex-5 SInv}
 62595 | Vaults:5 | Identified the +11 hunting sling of Destiny {freeze, rElec
                  | rCorr Str+4 Int-3}
 62734 | Vaults:5 | Identified the +4 dagger "Osemuf" {flame, Int+2 Dex+6}
 62871 | Vaults:5 | Got the Collected Works on Black Secrets and the Frostbite
 62958 | Vaults:5 | Identified the +1 great mace of Idurphu {drain, rN+ Int-5
                  | Dex+8 SInv}
 63894 | Elf:1    | Entered Level 1 of the Elven Halls
 63895 | Elf:1    | Noticed Donald
 63897 | Elf:1    | Killed Donald
 64262 | Elf:1    | Paralysed by an air elemental for 1 turns
 64408 | Elf:1    | Noticed Frances
 64414 | Elf:1    | Killed Frances
 64996 | Elf:2    | Found Ykan's General Store.
 64999 | Elf:2    | Bought a potion of resistance for 140 gold pieces
 64999 | Elf:2    | Bought a scroll of fear for 49 gold pieces
 65012 | Elf:2    | Reached skill level 5 in Shields
 65023 | Elf:2    | Found Avyatico's Magic Scroll Emporium.
 65045 | Elf:2    | Found a portal to a secret trove of treasure.
 65113 | Elf:2    | Found a frozen archway.
 65195 | IceCv    | Entered an ice cave
 65700 | IceCv    | Found an ancient bone altar of Kikubaaqudgha.
 66506 | Elf:2    | Bought a scroll of acquirement for 884 gold pieces
 66506 | Elf:2    | Bought a scroll of acquirement for 884 gold pieces
 66511 | Elf:2    | Acquired the +1 crystal plate armour of the Circus Animal
                  | {Slay+3}
 66522 | Elf:2    | Acquired 1017 gold pieces
 66532 | Elf:2    | Bought a scroll of magic mapping for 59 gold pieces
 66532 | Elf:2    | Bought a scroll of enchant armour for 127 gold pieces
 66532 | Elf:2    | Bought a scroll of teleportation for 51 gold pieces
 66812 | Elf:2    | Found Labedd's Jewellery Shop.
 66834 | Elf:2    | Bought the amulet "Rayr" {RegenMP Str+4 Int+2 Dex+4} for
                  | 986 gold pieces
 66951 | Elf:2    | Found a runed translucent gate.
 66952 | Elf:2    | Found a runed translucent gate.
 66952 | Elf:2    | Found a runed translucent gate.
 67240 | Elf:2    | Reached XP level 24. HP: 159/159 MP: 37/45
 67845 | Elf:3    | Entered Level 3 of the Elven Halls
 68192 | Elf:3    | Identified the +8 short sword of Kuyseune {vorpal, SInv}
 68196 | Elf:3    | Reached skill level 25 in Earth Magic
 68203 | Elf:3    | Identified the +1 halberd of Xoawyoh {flame, Fly Str+2}
 68501 | Elf:3    | Found the +3 Elemental Staff {rElec rF++ rC++ Will++ AC+5}
 68509 | Elf:3    | Got the Volume of Enchantment
 68512 | Elf:3    | Identified the ring "Dyfyg" {Ice rElec rCorr Dex-4}
 68513 | Elf:3    | Found the -2 hat of the Alchemist {rElec rPois rF+ rC+ rN+
                  | Will+ rMut rCorr}
 68525 | Elf:3    | Got the Tome of Destructive Evil Secrets
 68539 | Elf:3    | Identified the +9 rapier of Certain Death {drain, Int+6}
 68546 | Elf:3    | Identified the +3 shortbow of Bodily Harmony {freeze,
                  | Str+6}
 69381 | Slime:1  | Entered Level 1 of the Pits of Slime
 69637 | Slime:2  | Paralysed by a floating eye for 4 turns
 71876 | Slime:3  | Reached XP level 25. HP: 156/166 MP: 46/46
 71878 | Slime:3  | Reached skill level 10 in Shields
 72220 | Slime:4  | Gained mutation: You are dopey. (Int -2) [a shining eye]
 72538 | Slime:5  | Entered Level 5 of the Pits of Slime
 72617 | Slime:5  | Noticed the Royal Jelly
 72773 | Slime:5  | Killed the Royal Jelly
 72781 | Slime:5  | Blown up by an eye of devastation

Illustrated notes

Levels and vault maps discovered:
D:1:      mrwooster_arrival_arrow, layout_basic, chequers_serial_rivers_micro_c
D:2:      layout_loops_corners, serial_shops, shop, shop_fountains,
          minivault_24, minmay_rat_gold_closets
D:3:      layout_loops_corners, basic_ecumenical_altar
D:4:      gammafunk_steamed_eel, layout_basic, serial_undead, serial_undead_c,
          serial_undead_c, serial_undead_a, serial_undead_e, uniq_robin
D:5:      layout_basic, amethyst_killhole, uniq_duvessa, uniq_sigmund,
          uniq_ijyb, uniq_menkaure
D:6:      layout_loops_cross, minmay_circle_x
D:7:      cheibrodos_barr_body, layout_basic, minmay_temple_entry_wispy,
          minmay_misc_feat_alley, uniq_maggie
D:8:      minmay_angry_zag, layout_basic, zin_academy, lair_entry_dummy,
          grunt_ministairs_6
D:9:      layout_cave_pools, serial_gnoll_camp, gnoll_camp_mini_house,
          gnoll_camp_medium_01, gnoll_camp_mini_doghouse,
          gnoll_camp_mini_loothouse
D:10:     layout_basic, orc_0_dummy, serial_shops, shop, hex_tiny
D:11:     layout_irregular_city
D:12:     minmay_the_grid_triangle_9x9_line_8_mashed
          [minmay_the_grid_triangle_9x9_empty,
          minmay_the_grid_triangle_9x9_pentomino_pain,
          minmay_the_grid_triangle_9x9_impossible_snake,
          minmay_the_grid_triangle_9x9_swiss_cheese,
          minmay_the_grid_triangle_9x9_minimal,
          minmay_the_grid_triangle_9x9_alien,
          minmay_the_grid_triangle_9x9_thin_v,
          minmay_the_grid_triangle_9x9_prize_schism], layout_rooms,
          serial_shops, nicolae_square_shop, minivault_1, uniq_psyche
D:13:     layout_cave_pools
D:14:     layout_roguey, erik_vaults_1, hellmonk_bongcloud_opening,
          minivault_21, minivault_10, einodemon_crawler_minivault
D:15:     hangedman_depths_entry_try_elsewhere_first, layout_basic,
          gauntlet_entry_generic, roderic_three_in_a_row
Temple:   roderic_octagonal_lattice_temple
Lair:1:   layout_cave_pods, special_room [special_room_bee], grunt_megastairs_5,
          serial_bayou_shore_a, lemuel_fruit_fields
Lair:2:   layout_misc_corridors, skrybe_swamp_entry_bodies,
          nicolae_quartered_pool_medium, beast_lair_carwin_3,
          lemuel_fruit_fields
Lair:3:   layout_regular_city, spider_nest_entry_webs
Lair:4:   layout_hall_layers
Lair:5:   layout_long_grid, slime_altar_1, serial_bayou_shore_b
Lair:6:   hellmonk_lair_end_abyssal_woods, layout_loops_ring,
          infiniplex_staircase_pool_2, minmay_lair_oklob_chamber
Swamp:1:  layout_falls_marsh, evilmike_swamp_ruin_house_1, swamp_pool2
Swamp:2:  layout_basic_swamp, nicolae_swamp_decorative_isthmus
Swamp:3:  layout_basic_swamp, evilmike_swamp_ruin_house_2, swamp_pool1
Swamp:4:  swamp_old_school, layout_basic_swamp, uniq_mara
Spider:1: layout_spider_delve
Spider:2: layout_spider_delve, drop_trap
Spider:3: layout_chambers
Spider:4: grunt_spider_rune_parallel
Slime:1:  layout_caves
Slime:2:  layout_caves
Slime:3:  layout_caves
Slime:4:  layout_caves
Slime:5:  uniq_dissolution
Orc:1:    layout_caves, basic_altar
Orc:2:    st_orc_town, layout_caves, special_room, rock_pile
Elf:1:    elf_arrival_002, layout_loops_cross, minivault_28, grunt_ministairs_4,
          uniq_frances, uniq_donald
Elf:2:    nicolae_elf_blades_crystal_corner, layout_loops_cross, serial_shops,
          nicolae_shop_behind_doors,
          nicolae_shop_temple_entry_statues_fountains,
          nicolae_shop_competitors_out_of_business, enter_trove_6,
          portal_ice_cave_entry_dragon, nicolae_elf_w_pinch,
          elves_outpost_lemuel
Elf:3:    elf_hall, layout_geoelf_grid, nicolae_elf_glass_and_crystal_pillar_2
Vaults:1: nicolae_vaults_meeting, nicolae_vaults_circle_grid_b,
          vaults_room_large_hall, v_misc_9, nicolae_vaults_little_squares_4,
          nicolae_vaults_network_star, hangedman_vaults_corner_blocks,
          vaults_room_door_ring, vaults_room_grunt_arrival_checkpoint,
          nicolae_vaults_little_squares_1, layout_vaults_quadrants,
          serial_shops, bzr_entry_water
Vaults:2: blue_anna_dwarven_crypt, nicolae_vaults_minivaults, v_misc_11,
          nicolae_vaults_twisting_passages, vaults_mumra_chevron,
          hangedman_vaults_stagger, v_pattern_1, vaults_mumra_hexcomb,
          ontoclasm_vaults_fault, hangedman_vaults_variations,
          ontoclasm_vaults_bender, nicolae_vaults_specimen_jars,
          vaults_room_grid, layout_vaults_maze,
          portal_desolation_entry_nicolae_nacl, uniq_nikola
Vaults:3: v_pattern_5, ontoclasm_vaults_ring_square, st_lattice,
          nicolae_vaults_angled_halls, grunt_vaults_hallway_short,
          nicolae_vaults_mini_display_case, ontoclasm_vaults_ring_small,
          ontoclasm_vaults_chip, nicolae_vaults_puzzle_piece,
          nicolae_vaults_network_quinsquares
          [nicolae_vaults_network_quincunx_subvault,
          nicolae_vaults_network_quincunx_subvault,
          nicolae_vaults_network_quincunx_subvault,
          nicolae_vaults_network_quincunx_subvault],
          nicolae_vaults_diagonal_hallway_6, hangedman_vaults_locks,
          nicolae_vaults_shelves_hall, layout_vaults_omnicross
Vaults:4: vaults_dpeg_spiral, v_misc_31, grunt_vaults_funnel,
          nicolae_vaults_border_crossing, vaults_mumra_minichess_inversion,
          ontoclasm_vaults_twist, nicolae_vaults_little_squares_1,
          ontoclasm_vaults_eye, layout_vaults_big_room
Vaults:5: serial_shops

Skill      XL: |  1  2  3  4  5  6  7  8  9 10 11 12 13 14 15 16 17 18 19 20 21 22 23 24 25 |
---------------+----------------------------------------------------------------------------+-----
Earth Magic    | 4 5 6 10 12 14 15 16 17 20 22 23 24 25 | 25.8
Spellcasting   | 3 4 5 8 10 11 12 13 14 15 16 17 18 19 | 19.6
Dodging        | 2 |  2.8
Fighting       | 1 4 5 7 9 10 12 14 16 17 18 19 | 19.7
Conjurations   | 1 5 7 10 11 13 14 | 14.0
Shields        | 4 6 9 10 | 10.8
Evocations     | 5 10 12 13 | 13.0
Summonings     | 7 9 |  9.0
Armour         | 5 7 |  7.9
Stealth        | |  2.1
Transmutations | |  0.7

Action                   |  1- 3 |  4- 6 |  7- 9 | 10-12 | 13-15 | 16-18 | 19-21 | 22-24 | 25-27 || total
-------------------------+-------+-------+-------+-------+-------+-------+-------+-------+-------++-------
Melee: Unarmed           |    26 |       |       |       |       |       |       |       |       ||    26
       Short sword       |    57 |       |       |       |       |       |       |       |       ||    57
       Staff             |    41 |    69 |       |     2 |    65 |    63 |    65 |    17 |     8 ||   330
 Cast: Sandblast         |     6 |    61 |    81 |   215 |   118 |       |       |       |       ||   481
       Stone Arrow       |       |       |    67 |   135 |   188 |     3 |    11 |     2 |     1 ||   407
       Lee's Rapid Decon |       |       |       |    37 |    38 |    31 |    65 |    20 |       ||   191
       Iron Shot         |       |       |       |       |   284 |    34 |       |       |       ||   318
       Spellforged Servi |       |       |       |       |     8 |   125 |    55 |    22 |     2 ||   212
       Bolt of Magma     |       |       |       |       |     7 |       |       |       |       ||     7
       Orb of Destructio |       |       |       |       |       |   190 |    34 |    49 |       ||   273
       Starburst         |       |       |       |       |       |     2 |       |       |       ||     2
       Lehudib's Crystal |       |       |       |       |       |    48 |    96 |   131 |     9 ||   284
       Shatter           |       |       |       |       |       |    16 |    56 |   151 |    44 ||   267
Evoke: Wand              |       |     3 |     2 |     2 |    23 |     5 |     4 |       |       ||    39
  Use: Scroll            |       |     2 |     7 |     7 |    13 |    10 |     6 |     4 |     2 ||    51
       Potion            |       |       |       |       |     1 |       |     4 |       |     4 ||     9
 Stab: Sleeping          |     9 |     1 |       |       |       |       |       |       |       ||    10
       Distracted        |       |       |       |       |       |     2 |     2 |       |       ||     4
Armor: Robe              |    59 |    52 |    26 |    72 |   151 |   270 |   100 |   101 |    66 ||   897
Dodge: Dodged            |    75 |    62 |    26 |    82 |   142 |   197 |    80 |    57 |    32 ||   753
Block: Buckler           |       |       |       |    14 |    55 |    67 |    40 |    26 |    22 ||   224
